[Event "DVM U10 2024"]
[Site "Duesseldorf"]
[Date "2024.12.27"]
[Round "2"]
[White "Sriram, Yashasri"]
[Black "Zentgraf, Raphael"]
[Result "0-1"]
[ECO "B22"]
[WhiteElo "1520"]
[BlackElo "1175"]
[Annotator "NA RC"]
[PlyCount "150"]
[EventDate "2024.12.23"]
[EventType "team-tourn"]
[EventRounds "7"]
[EventCountry "GER"]
[SourceTitle "playchess.com"]
[Source "ChessBase"]
[SourceQuality "1"]
[TimeControl "3300+5"]

1. e4 c5 2. c3 Nc6 3. d4 cxd4 4. cxd4 e6 5. Nc3 d6 6. Nf3 Nf6 7. Bg5 Be7 8. Bc4 h6 9. Bh4 Nxe4 10. Bxe7 Nxc3 11. Bxd8 Nxd1 12. Rxd1 Nxd8 13. O-O O-O 14. Rfe1 d5 15. Bd3 Nc6 16. a3 b6 17. b4 Bb7 18. b5 Ne7 19. Ne5 Rfd8 20. Rc1 Rac8 21. g4 Rxc1 22. Rxc1 Rc8 23. Rxc8+ Bxc8 24. Kf1 f6 25. Nf3 Kf8 26. Ke1 Kf7 27. Kd2 Ng6 28. Kc3 Nf4 29. Bf1 Ke7 30. Kb4 Kd6 31. a4 e5 32. a5 exd4 33. Nxd4 bxa5+ 34. Kxa5 Kc5 35. Nc6 a6 36. Ne7 axb5 37. Bxb5 Bxg4 38. Nc6 d4 39. Nb4 Nh3 40. Nd3+ Kd5 41. Kb4 Be2 42. Bc4+ Kd6 43. Ne1 Bxc4 44. Kxc4 Nxf2 45. Kxd4 Ng4 46. Nf3 Ne5 47. Nh4 Ke6 48. Ke4 g5 49. Nf5 h5 50. Ng7+ Kf7 51. Nxh5 Kg6 52. Nxf6 Kxf6 53. h3 Ng6 54. Kf3 Nh4+ 55. Kg4 Kg6 56. Kg3 Kf5 57. Kf2 Kf4 58. Kg1 Kg3 59. Kh1 Kxh3 60. Kg1 g4 61. Kh1 g3 62. Kg1 g2 63. Kf2 Kh2 64. Ke2 g1=Q 65. Kd3 Qf2 66. Ke4 Qd2 67. Ke5 Qb4 68. Kd5 Nf3 69. Ke6 Qc5 70. Kf6 Qe5+ 71. Kg6 Qf4 72. Kg7 Qf5 73. Kh8 Qd7 74. Kg8 Ng5 75. Kf8 Qf7# 0-1

[Event "DVM U10 2024"]
[Site "Duesseldorf"]
[Date "2024.12.27"]
[Round "2"]
[White "Bienbeck, Matthis"]
[Black "Dombert, Johannes"]
[Result "1-0"]
[ECO "C42"]
[WhiteElo "1490"]
[BlackElo "1611"]
[Annotator "NA RC"]
[PlyCount "120"]
[EventDate "2024.12.23"]
[EventType "team-tourn"]
[EventRounds "7"]
[EventCountry "GER"]
[SourceTitle "playchess.com"]
[Source "ChessBase"]
[SourceQuality "1"]
[TimeControl "3300+5"]

1. e4 e5 2. Nf3 Nf6 3. Nxe5 d6 4. Nf3 Nxe4 5. d4 d5 6. Bd3 Bd6 7. c3 O-O 8. O-O Re8 9. Re1 Nd7 10. Nbd2 Ndf6 11. Nf1 h6 12. Qc2 c5 13. b3 Bd7 14. Ng3 Nxg3 15. Rxe8+ Qxe8 16. hxg3 Rc8 17. Bd2 Bc6 18. Re1 Qd7 19. Bf5 Qc7 20. Bxc8 Qxc8 21. dxc5 Bxc5 22. Be3 Bd7 23. Bxc5 Qxc5 24. Ne5 Be6 25. b4 Qc7 26. Nf3 Ne4 27. Rc1 Bf5 28. Qb3 Be6 29. Nd4 Qb6 30. Qc2 a6 31. Nxe6 fxe6 32. Qe2 Nxg3 33. Qe5 Ne4 34. Qd4 Qd6 35. Qe3 Nf6 36. Re1 Kf7 37. Qe5 Qxe5 38. Rxe5 Ne4 39. c4 Kf6 40. f4 Nc3 41. cxd5 Nxd5 42. Re4 Nc3 43. Rc4 Nxa2 44. Kf2 b5 45. Rd4 Nc3 46. Kf3 Nd5 47. g4 g6 48. Kg3 Ne3 49. Rd6 Nd5 50. Rxa6 Nxb4 51. Rb6 Nd5 52. Rxb5 Ne7 53. g5+ Kg7 54. Rb7 Kf8 55. gxh6 Nf5+ 56. Kg4 Nxh6+ 57. Kg5 Nf7+ 58. Kf6 Nd6 59. Rb8+ Ne8+ 60. Kxe6 g5 1-0

[Event "DVM U10 2024"]
[Site "Duesseldorf"]
[Date "2024.12.27"]
[Round "2"]
[White "Yuksel, Arda Eren"]
[Black "Müller, Charlie Erik"]
[Result "1-0"]
[ECO "C65"]
[WhiteElo "1488"]
[BlackElo "1043"]
[Annotator "NA RC"]
[PlyCount "131"]
[EventDate "2024.12.23"]
[EventType "team-tourn"]
[EventRounds "7"]
[EventCountry "GER"]
[SourceTitle "playchess.com"]
[Source "ChessBase"]
[SourceQuality "1"]
[TimeControl "3300+5"]

1. e4 e5 2. Nf3 Nc6 3. Bb5 d6 4. c3 Nf6 5. d3 Bg4 6. h3 Be6 7. c4 Be7 8. Nc3 O-O 9. Be3 Nh5 10. d4 exd4 11. Bxd4 Nxd4 12. Nxd4 c5 13. Nxe6 fxe6 14. Qxh5 a6 15. Ba4 Bf6 16. Bc2 Bd4 17. O-O g6 18. Qg4 e5 19. Ne2 Rf6 20. Nxd4 cxd4 21. Bb3 Kg7 22. g3 h5 23. Qe2 Qb6 24. Rad1 Raf8 25. Rd3 Kh6 26. Qd2+ g5 27. h4 Rg8 28. c5 Qd8 29. Bxg8 Qxg8 30. cxd6 Rxd6 31. a3 Kh7 32. hxg5 Rg6 33. f4 exf4 34. Qxf4 Qc8 35. Qf7+ Rg7 36. Qf5+ Qxf5 37. Rxf5 Rc7 38. Rxd4 Rc1+ 39. Rf1 Rc2 40. Rd6 Rc7 41. Rff6 Rc1+ 42. Kh2 Rc2+ 43. Kh3 Rc4 44. Rf7+ Kg8 45. g6 Rc8 46. Rdd7 Re8 47. Rg7+ Kh8 48. Rh7+ Kg8 49. Rdg7+ Kf8 50. Rxb7 Kg8 51. Rhf7 Rd8 52. g7 Kh7 53. Kh4 Kg8 54. Kxh5 a5 55. Rbd7 Re8 56. Kg6 Re6+ 57. Rf6 Re8 58. Rf8+ Rxf8 59. gxf8=Q+ Kxf8 60. Kf6 Ke8 61. Rh7 Kd8 62. Ke6 Kc8 63. Kd6 Kb8 64. Kc6 Ka8 65. Kb6 Kb8 66. Rh8# 1-0

[Event "DVM U10 2024"]
[Site "Duesseldorf"]
[Date "2024.12.27"]
[Round "2"]
[White "Gheng, Hannes Lucas"]
[Black "Jöhnke, Thore"]
[Result "1-0"]
[ECO "C65"]
[WhiteElo "1482"]
[BlackElo "861"]
[Annotator "NA RC"]
[PlyCount "97"]
[EventDate "2024.12.23"]
[EventType "team-tourn"]
[EventRounds "7"]
[EventCountry "GER"]
[SourceTitle "playchess.com"]
[Source "ChessBase"]
[SourceQuality "1"]
[TimeControl "3300+5"]

1. e4 e5 2. Nf3 Nc6 3. Bb5 Nf6 4. d3 Bc5 5. O-O d6 6. c3 O-O 7. Nbd2 Bg4 8. h3 Bh5 9. Re1 a6 10. Ba4 b5 11. Bc2 Qd7 12. a4 b4 13. Nf1 Ne7 14. Ng3 Bg6 15. d4 exd4 16. cxd4 Bb6 17. a5 Ba7 18. Ba4 c6 19. e5 dxe5 20. Nxe5 Qc7 21. Bf4 Qb7 22. Rc1 Rac8 23. Nc4 Ned5 24. Nd6 Qd7 25. Nxc8 Nxf4 26. Nxa7 Qxa7 27. Rxc6 Qb7 28. Qf3 Nd3 29. Ra1 Nxb2 30. Rxf6 Be4 31. Nxe4 gxf6 32. Nxf6+ Kg7 33. Qxb7 Kxf6 34. Qc6+ Kg7 35. Qd6 Nxa4 36. Qg3+ Kf6 37. Rxa4 Re8 38. Qf4+ Kg7 39. Rxb4 Re1+ 40. Kh2 Re8 41. Qg5+ Kf8 42. Qf6 Kg8 43. Rb7 Rf8 44. Re7 h6 45. Re3 Rc8 46. Qe7 h5 47. Rg3+ Kh7 48. Qxf7+ Kh8 49. Qxh5# 1-0

[Event "DVM U10 2024"]
[Site "Duesseldorf"]
[Date "2024.12.27"]
[Round "2"]
[White "von Gehlen, Elian"]
[Black "Mueller, Konstantin"]
[Result "0-1"]
[ECO "B40"]
[WhiteElo "1464"]
[BlackElo "1957"]
[Annotator "RC"]
[PlyCount "74"]
[EventDate "2024.12.23"]
[EventType "team-tourn"]
[EventRounds "7"]
[EventCountry "GER"]
[SourceTitle "playchess.com"]
[Source "ChessBase"]
[SourceQuality "1"]
[TimeControl "3300+5"]

1. e4 c5 2. Nf3 e6 3. c3 Nf6 4. Bd3 Nc6 5. Bc2 Be7 6. O-O O-O 7. d4 cxd4 8. cxd4 Nb4 9. e5 Nxc2 10. exf6 Nxa1 11. fxe7 Qxe7 12. Bd2 b5 13. Nc3 b4 14. Ne4 Bb7 15. Re1 Rfc8 16. Qxa1 Bxe4 17. Rxe4 Rc2 18. Re2 Rac8 19. Qb1 d6 20. d5 e5 21. Ne1 R2c5 22. Qe4 Qb7 23. Bxb4 Rc4 24. Qf5 Rxb4 25. a3 Rd4 26. Qg5 Rxd5 27. Rc2 Rdc5 28. Rd2 Rc1 29. Re2 h6 30. Qd2 R8c2 31. Qxd6 Rxe2 32. Qd8+ Kh7 33. h3 Rcxe1+ 34. Kh2 Rxf2 35. Qh8+ Kxh8 36. Kg3 Qxg2+ 37. Kh4 Qg5# 0-1

[Event "DVM U10 2024"]
[Site "Duesseldorf"]
[Date "2024.12.27"]
[Round "2"]
[White "von Gehlen, Samuel"]
[Black "Stentrup, Levi"]
[Result "1-0"]
[ECO "C25"]
[WhiteElo "1459"]
[BlackElo "1185"]
[Annotator "NA RC"]
[PlyCount "45"]
[EventDate "2024.12.23"]
[EventType "team-tourn"]
[EventRounds "7"]
[EventCountry "GER"]
[SourceTitle "playchess.com"]
[Source "ChessBase"]
[SourceQuality "1"]
[TimeControl "3300+5"]

1. e4 e5 2. Nc3 Nc6 3. Bc4 Bc5 4. Qg4 Qf6 5. Nd5 Qxf2+ 6. Kd1 Bb6 7. Nxb6 axb6 8. Qxg7 Qf6 9. Qxf6 Nxf6 10. d3 Rg8 11. g3 d5 12. exd5 Bg4+ 13. Kd2 Ne7 14. h3 Bd7 15. g4 Nexd5 16. Nf3 h5 17. g5 b5 18. Bb3 Bc6 19. gxf6 Nxf6 20. Rf1 Rg2+ 21. Kc3 e4 22. Ne5 Rg5 23. Bxg5 1-0

[Event "DVM U10 2024"]
[Site "Duesseldorf"]
[Date "2024.12.27"]
[Round "2"]
[White "Wilting, Oskar"]
[Black "Busch, Jonathan Luis"]
[Result "0-1"]
[ECO "B13"]
[WhiteElo "1454"]
[BlackElo "1655"]
[Annotator "NA RC"]
[PlyCount "68"]
[EventDate "2024.12.23"]
[EventType "team-tourn"]
[EventRounds "7"]
[EventCountry "GER"]
[SourceTitle "playchess.com"]
[Source "ChessBase"]
[SourceQuality "1"]
[TimeControl "3300+5"]

1. d4 Nf6 2. Nc3 d5 3. Bf4 c5 4. e3 cxd4 5. exd4 a6 6. Bd3 Bg4 7. f3 Bd7 8. Nge2 Nc6 9. g4 h6 10. h4 e6 11. Qd2 Be7 12. O-O-O b5 13. g5 Nh5 14. Be3 b4 15. Nb1 b3 16. axb3 Nb4 17. Nbc3 Qa5 18. Kb1 Bb5 19. gxh6 Qb6 20. hxg7 Nxg7 21. Rdg1 Nh5 22. Ng3 Nxg3 23. Rxg3 Rc8 24. Rg4 Qa5 25. Bxb5+ axb5 26. Kc1 Qa1+ 27. Nb1 Na2+ 28. Kd1 Qxb1+ 29. Ke2 Qxh1 30. Qa5 Rxc2+ 31. Bd2 Rxd2+ 32. Kxd2 Bb4+ 33. Qxb4 Nxb4 34. Kc3 Qe1# 0-1

[Event "DVM U10 2024"]
[Site "Duesseldorf"]
[Date "2024.12.27"]
[Round "2"]
[White "Glavev, Victor"]
[Black "Fischer, Emil Fiete"]
[Result "1/2-1/2"]
[ECO "C54"]
[WhiteElo "1443"]
[BlackElo "1050"]
[Annotator "NA RC"]
[PlyCount "82"]
[EventDate "2024.12.23"]
[EventType "team-tourn"]
[EventRounds "7"]
[EventCountry "GER"]
[SourceTitle "playchess.com"]
[Source "ChessBase"]
[SourceQuality "1"]
[TimeControl "3300+5"]

1. e4 e5 2. Nf3 Nc6 3. d4 exd4 4. Bc4 Bc5 5. c3 Nf6 6. cxd4 Bb4+ 7. Bd2 Bxd2+ 8. Nbxd2 Ng4 9. h3 Nf6 10. O-O d5 11. Bb5 dxe4 12. Re1 O-O 13. Nxe4 Bf5 14. Ng3 Bg6 15. Rc1 Nb4 16. Qb3 Nbd5 17. Bc4 Rb8 18. Re5 c6 19. Nh4 Re8 20. Nxg6 hxg6 21. Rd1 Qd6 22. Rde1 Rxe5 23. dxe5 Qe7 24. Kf1 Nd7 25. Bxd5 cxd5 26. Qxd5 Nb6 27. Qd6 Qxd6 28. exd6 Rd8 29. Rd1 Kf8 30. Ne4 Nc4 31. b3 Ne5 32. Nc5 b6 33. f4 Nc6 34. Na6 Ke8 35. Ke2 Kd7 36. Ke3 Ke6 37. Nc7+ Kd7 38. g4 Na5 39. Ke4 Nb7 40. Kd5 Nxd6 41. Na6 Ke7 1/2-1/2

[Event "DVM U10 2024"]
[Site "Duesseldorf"]
[Date "2024.12.27"]
[Round "2"]
[White "Trunz, Daniel"]
[Black "Najjar, Anton"]
[Result "1-0"]
[ECO "B22"]
[WhiteElo "1440"]
[BlackElo "933"]
[Annotator "NA RC"]
[PlyCount "49"]
[EventDate "2024.12.23"]
[EventType "team-tourn"]
[EventRounds "7"]
[EventCountry "GER"]
[SourceTitle "playchess.com"]
[Source "ChessBase"]
[SourceQuality "1"]
[TimeControl "3300+5"]

1. e4 c5 2. c3 Nf6 3. e5 Nd5 4. Bc4 e6 5. Nf3 Be7 6. O-O O-O 7. d4 cxd4 8. cxd4 Bh4 9. Ne1 Bg5 10. Nd2 d6 11. exd6 Qxd6 12. Ne4 Qb4 13. Nxg5 Qxc4 14. Qh5 h6 15. Ngf3 b6 16. Qg4 Ba6 17. Nd2 Qb5 18. Kh1 Nc6 19. Rg1 Ndb4 20. Ne4 Nd3 21. Bxh6 g6 22. Nxd3 Qxd3 23. Nf6+ Kh8 24. Qh4 Nxd4 25. Bxf8# 1-0

[Event "DVM U10 2024"]
[Site "Duesseldorf"]
[Date "2024.12.27"]
[Round "2"]
[White "Vlad, Mark"]
[Black "Jiang, Alexander D"]
[Result "1-0"]
[ECO "C01"]
[WhiteElo "1439"]
[BlackElo "1958"]
[Annotator "RC"]
[PlyCount "73"]
[EventDate "2024.12.23"]
[EventType "team-tourn"]
[EventRounds "7"]
[EventCountry "GER"]
[SourceTitle "playchess.com"]
[Source "ChessBase"]
[SourceQuality "1"]
[TimeControl "3300+5"]

1. e4 e6 2. d4 d5 3. exd5 exd5 4. c4 Nf6 5. Nc3 Bb4 6. Bg5 dxc4 7. Bxc4 O-O 8. Nge2 h6 9. Bxf6 Qxf6 10. O-O Bd6 11. Ng3 Nc6 12. d5 Ne5 13. Bb3 Qh4 14. h3 Bxh3 15. gxh3 Qxh3 16. Qh5 Qd7 17. Nce4 Kh7 18. Nf5 Kg8 19. Nxh6+ Kh7 20. Nxf7+ Kg8 21. Nxe5 Bxe5 22. d6+ Rf7 23. Qxe5 Re8 24. Bxf7+ Qxf7 25. dxc7 Rxe5 26. c8=Q+ Kh7 27. Ng3 Rg5 28. Qh3+ Kg8 29. Rac1 Qf3 30. Rc8+ Kf7 31. Qd7+ Kg6 32. Qe6+ Kh7 33. Qh3+ Kg6 34. Qg2 Qf7 35. Qe4+ Kf6 36. Qf4+ Ke7 37. Re1+ 1-0

[Event "DVM U10 2024"]
[Site "Duesseldorf"]
[Date "2024.12.27"]
[Round "2"]
[White "Thotli, Jathin Krishna"]
[Black "Ju, Eric Zirui"]
[Result "0-1"]
[ECO "B50"]
[WhiteElo "1422"]
[BlackElo "1126"]
[Annotator "NA RC"]
[PlyCount "46"]
[EventDate "2024.12.23"]
[EventType "team-tourn"]
[EventRounds "7"]
[EventCountry "GER"]
[SourceTitle "playchess.com"]
[Source "ChessBase"]
[SourceQuality "1"]
[TimeControl "3300+5"]

1. e4 c5 2. Nf3 d6 3. Bc4 e6 4. d4 cxd4 5. Qxd4 Nc6 6. Qd3 Nge7 7. O-O d5 8. Bb5 Bd7 9. exd5 Nxd5 10. Re1 Be7 11. Ne5 Nxe5 12. Rxe5 a6 13. Bc4 Nf6 14. Bg5 O-O 15. Qg3 Bd6 16. Bh6 Nh5 17. Qg4 Bxe5 18. Qxh5 Bxb2 19. Bd3 g6 20. Qc5 Re8 21. c3 Qh4 22. Be3 Bxa1 23. g3 Qh5 0-1

[Event "DVM U10 2024"]
[Site "Duesseldorf"]
[Date "2024.12.27"]
[Round "2"]
[White "Brucker, Oscar"]
[Black "Ragavendra Prasanna, Shyam Sundar"]
[Result "1-0"]
[ECO "B08"]
[WhiteElo "1291"]
[BlackElo "1524"]
[Annotator "NA RC"]
[PlyCount "127"]
[EventDate "2024.12.23"]
[EventType "team-tourn"]
[EventRounds "7"]
[EventCountry "GER"]
[SourceTitle "playchess.com"]
[Source "ChessBase"]
[SourceQuality "1"]
[TimeControl "3300+5"]

1. d4 Nf6 2. Nc3 g6 3. e4 d6 4. Nf3 Bg7 5. Bf4 Nbd7 6. Bc4 O-O 7. O-O Re8 8. Re1 e5 9. dxe5 dxe5 10. Bxe5 Nxe5 11. Qxd8 Rxd8 12. Nxe5 Rf8 13. Rad1 Be6 14. Bxe6 fxe6 15. Nd7 Rf7 16. Nxf6+ Bxf6 17. Rd3 Raf8 18. f3 Bh4 19. Red1 Bg5 20. Rd7 Be3+ 21. Kf1 Rxd7 22. Rxd7 Bb6 23. Re7 Rd8 24. Ke2 Rd6 25. Re8+ Kf7 26. Rb8 Rd4 27. Rxb7 Rb4 28. b3 Rd4 29. Nb5 Rd7 30. Nxa7 Ba5 31. b4 Bb6 32. Nc6 Rd6 33. Ne5+ Kf6 34. Nc4 Rc6 35. Nxb6 cxb6 36. Kd3 e5 37. Rxh7 Rd6+ 38. Kc3 Kg5 39. g3 Rd1 40. a4 Rf1 41. Rf7 Rf2 42. h4+ Kh6 43. a5 bxa5 44. bxa5 Rf1 45. a6 Ra1 46. a7 g5 47. hxg5+ Kxg5 48. Kc4 Kg6 49. Rb7 Kf6 50. Kc5 Ke6 51. Kc6 Ra6+ 52. Kc7 Ke7 53. Kb8+ Kd8 54. a8=Q Rxa8+ 55. Kxa8 Kc8 56. Ka7 Kd8 57. Kb6 Kc8 58. Kc6 Kd8 59. Ra7 Ke8 60. Kd6 Kf8 61. Ke6 Kg8 62. Kf6 Kh8 63. Kg6 Kg8 64. Ra8# 1-0

[Event "DVM U10 2024"]
[Site "Duesseldorf"]
[Date "2024.12.27"]
[Round "2"]
[White "Götz, Georg"]
[Black "Schonlau, Leopold"]
[Result "1-0"]
[ECO "C55"]
[WhiteElo "1284"]
[BlackElo "1533"]
[Annotator "NA"]
[PlyCount "137"]
[EventDate "2024.12.23"]
[EventType "team-tourn"]
[EventRounds "7"]
[EventCountry "GER"]
[SourceTitle "playchess.com"]
[Source "ChessBase"]
[SourceQuality "1"]
[TimeControl "3300+5"]

1. e4 e5 2. Nf3 Nc6 3. Nc3 Nf6 4. Bc4 Nxe4 5. Bxf7+ Kxf7 6. Nxe4 d5 7. Neg5+ Ke8 8. d4 e4 9. Ne5 Nxe5 10. dxe5 Be7 11. Qh5+ g6 12. Qh6 Bf8 13. Qh4 Bg7 14. Qf4 Rf8 15. Qg3 Qe7 16. Nxh7 Bxe5 17. Qxg6+ Qf7 18. Nxf8 Kxf8 19. Qxf7+ Kxf7 20. c3 Bd7 21. Be3 Rg8 22. g3 b6 23. h4 c5 24. Rd1 Be6 25. a3 Bg4 26. Rxd5 Ke6 27. Rd2 a5 28. Rg1 Bf6 29. Bf4 Be7 30. Bc7 b5 31. Bxa5 Bf3 32. Rf1 Bd6 33. Re2 Bxe2 34. Kxe2 c4 35. Bb4 Bc7 36. Ke3 Kd5 37. Ke2 Be5 38. Rd1+ Ke6 39. Bc5 Kf5 40. Bd6 Bf6 41. Bf4 Ke6 42. Rd6+ Ke7 43. Rd5 Ke6 44. Rxb5 Ra8 45. Rc5 Ra4 46. Ke3 Be7 47. Re5+ Kf6 48. Rxe4 Bc5+ 49. Kf3 Ra5 50. Bg5+ Kf7 51. Re5 Rb5 52. Be3 Rxb2 53. Rxc5 Rb3 54. Rxc4 Rxa3 55. h5 Kg7 56. h6+ Kh7 57. Rc7+ Kh8 58. h7 Ra4 59. Bd4+ Rxd4 60. Rc8+ Kxh7 61. cxd4 Kg7 62. Re8 Kf7 63. Re4 Kf6 64. d5 Kf7 65. d6 Kf6 66. d7 Kg5 67. d8=Q+ Kh5 68. Rg4 Kh6 69. Qh8# 1-0

[Event "DVM U10 2024"]
[Site "Duesseldorf"]
[Date "2024.12.27"]
[Round "2"]
[White "Studdert, Levi"]
[Black "von Bassewitz, Friedrich"]
[Result "1-0"]
[ECO "C07"]
[WhiteElo "1234"]
[BlackElo "1163"]
[Annotator "NA RC"]
[PlyCount "121"]
[EventDate "2024.12.23"]
[EventType "team-tourn"]
[EventRounds "7"]
[EventCountry "GER"]
[SourceTitle "playchess.com"]
[Source "ChessBase"]
[SourceQuality "1"]
[TimeControl "3300+5"]

1. e4 e6 2. d4 d5 3. Nd2 c5 4. c3 Nc6 5. Ngf3 Qb6 6. exd5 exd5 7. Nb3 c4 8. Nbd2 Nf6 9. Be2 Bd6 10. O-O O-O 11. Re1 Bg4 12. Nf1 Ne7 13. Ng3 Ng6 14. Bg5 Be7 15. Qc2 h6 16. Bd2 Bd6 17. b3 cxb3 18. axb3 Rac8 19. c4 Bxf3 20. Bxf3 Qxd4 21. Be3 Qe5 22. Bc5 Qf4 23. Bxd6 Qxd6 24. Red1 Qc5 25. Bxd5 Nxd5 26. Rxd5 Qxd5 27. Qxg6 Qxg2+ 28. Kxg2 fxg6 29. Rxa7 Rf7 30. Ne4 b5 31. Rxf7 Kxf7 32. Nd6+ Ke6 33. Nxc8 bxc4 34. bxc4 Kd7 35. Nb6+ Kc6 36. Nd5 Kc5 37. Ne7 Kxc4 38. Nxg6 Kd5 39. Nf4+ Ke5 40. Kg3 g5 41. Nh3 Kf5 42. f4 g4 43. Nf2 h5 44. h3 gxh3 45. Nxh3 Kf6 46. Nf2 Kf5 47. Nd3 Kf6 48. Kf3 Kg6 49. Nf2 Kf5 50. Nh3 h4 51. Ng5 h3 52. Nxh3 Kf6 53. Ke4 Ke6 54. Ng5+ Kf6 55. f5 Kg7 56. Ke5 Kf8 57. Kf6 Kg8 58. Ke7 Kh8 59. f6 Kg8 60. f7+ Kh8 61. f8=Q# 1-0

[Event "DVM U10 2024"]
[Site "Duesseldorf"]
[Date "2024.12.27"]
[Round "2"]
[White "Rogozhin, Georg"]
[Black "Glaser-Gallion, Ludwig"]
[Result "0-1"]
[ECO "B13"]
[WhiteElo "1232"]
[BlackElo "1358"]
[Annotator "NA RC"]
[PlyCount "86"]
[EventDate "2024.12.23"]
[EventType "team-tourn"]
[EventRounds "7"]
[EventCountry "GER"]
[SourceTitle "playchess.com"]
[Source "ChessBase"]
[SourceQuality "1"]
[TimeControl "3300+5"]

1. e4 c6 2. Nc3 d5 3. exd5 cxd5 4. Bb5+ Nc6 5. d4 Nf6 6. Nge2 Bf5 7. Bf4 e6 8. O-O Bb4 9. Ng3 Bg6 10. Bxc6+ bxc6 11. Na4 Nd7 12. c3 Be7 13. Re1 O-O 14. Nh5 Rc8 15. b4 Re8 16. a3 a5 17. Be3 axb4 18. axb4 Ra8 19. Nf4 Bf5 20. h3 Nb6 21. Nh5 Bg6 22. Ng3 Nc4 23. Qe2 Bd6 24. Qg4 Qc7 25. Nh5 Ra7 26. Bf4 Bxf4 27. Nxf4 Rea8 28. Nxg6 hxg6 29. Qd1 Nb2 30. Nxb2 Rxa1 31. Qxa1 Rxa1 32. Rxa1 Kf8 33. Kf1 Ke7 34. Ke2 Kf6 35. Kf3 Kf5 36. g4+ Kg5 37. Nd3 Qb6 38. Nf4 Qb8 39. Nd3 Qb5 40. Nf4 Qc4 41. Rc1 e5 42. h4+ Kxh4 43. dxe5 Qe4# 0-1

[Event "DVM U10 2024"]
[Site "Duesseldorf"]
[Date "2024.12.27"]
[Round "2"]
[White "Karabetyan, Levon"]
[Black "Elli, Emeric"]
[Result "1/2-1/2"]
[ECO "C77"]
[WhiteElo "1230"]
[BlackElo "1574"]
[Annotator "NA RC"]
[PlyCount "93"]
[EventDate "2024.12.23"]
[EventType "team-tourn"]
[EventRounds "7"]
[EventCountry "GER"]
[SourceTitle "playchess.com"]
[Source "ChessBase"]
[SourceQuality "1"]
[TimeControl "3300+5"]

1. e4 e5 2. Nf3 Nc6 3. Bb5 a6 4. Ba4 Nf6 5. d3 h6 6. c3 d6 7. h3 Be6 8. Nbd2 b5 9. Bb3 d5 10. O-O Bd6 11. Re1 O-O 12. Nf1 Qd7 13. Ng3 a5 14. a4 Rfb8 15. axb5 Rxb5 16. Ba4 Rb6 17. exd5 Nxd5 18. Nxe5 Bxe5 19. Rxe5 Qc8 20. Bxc6 Rxc6 21. c4 Nf6 22. Raxa5 Rb8 23. Qf3 Rd6 24. c5 Rd7 25. Ra3 Bd5 26. Qf5 Be6 27. Qf4 Nd5 28. Qh4 Nb4 29. d4 Nc2 30. Rd3 Rb4 31. Qe4 Rbxd4 32. Rxd4 Nxd4 33. Ne2 Nxe2+ 34. Qxe2 Qd8 35. Kh2 Qf6 36. b4 Bc4 37. Qe4 Be6 38. Bb2 Qxf2 39. Bc3 Qa2 40. b5 Qb3 41. Be1 Qxb5 42. c6 Rd5 43. Rxd5 Qxd5 44. Qxd5 Bxd5 45. Bg3 Bxc6 46. Bxc7 Kf8 47. g4 1/2-1/2

[Event "DVM U10 2024"]
[Site "Duesseldorf"]
[Date "2024.12.27"]
[Round "2"]
[White "Wüstenberg, Jan"]
[Black "Essers, Mathilda Marie"]
[Result "1-0"]
[ECO "B30"]
[WhiteElo "1221"]
[BlackElo "1435"]
[Annotator "NA RC"]
[PlyCount "85"]
[EventDate "2024.12.23"]
[EventType "team-tourn"]
[EventRounds "7"]
[EventCountry "GER"]
[SourceTitle "playchess.com"]
[Source "ChessBase"]
[SourceQuality "1"]
[TimeControl "3300+5"]

1. e4 c5 2. Nf3 e6 3. Nc3 Nc6 4. Bc4 a6 5. O-O Qc7 6. d3 d6 7. Bf4 Be7 8. Re1 e5 9. Bg3 h6 10. Nd5 Qa5 11. Qd2 Qxd2 12. Nxd2 Bd8 13. Bh4 Nge7 14. Re3 Nxd5 15. exd5 Nd4 16. Rc1 Bxh4 17. c3 Bg5 18. cxd4 Bxe3 19. fxe3 cxd4 20. exd4 O-O 21. dxe5 dxe5 22. Re1 Re8 23. Nf3 f6 24. d4 e4 25. Nd2 e3 26. Nb3 Kh8 27. Nc5 Bg4 28. h3 b6 29. Nxa6 Rac8 30. Bb5 Re4 31. hxg4 Rxg4 32. Bd7 Ra8 33. Bxg4 Rxa6 34. Rxe3 Rxa2 35. Bf5 Ra1+ 36. Kh2 g5 37. d6 Ra8 38. d7 Kg7 39. Re8 Rxe8 40. dxe8=Q h5 41. Qe7+ Kg8 42. Be6+ Kh8 43. Qf7 1-0

[Event "DVM U10 2024"]
[Site "Duesseldorf"]
[Date "2024.12.27"]
[Round "2"]
[White "Nickel, Alexander"]
[Black "Lüttgen, Jona"]
[Result "0-1"]
[ECO "C59"]
[WhiteElo "1200"]
[BlackElo "1412"]
[Annotator "NA RC"]
[PlyCount "68"]
[EventDate "2024.12.23"]
[EventType "team-tourn"]
[EventRounds "7"]
[EventCountry "GER"]
[SourceTitle "playchess.com"]
[Source "ChessBase"]
[SourceQuality "1"]
[TimeControl "3300+5"]

1. e4 e5 2. Nf3 Nc6 3. Bc4 Nf6 4. Ng5 d5 5. exd5 Na5 6. Bb5+ c6 7. dxc6 bxc6 8. Be2 h6 9. Nf3 e4 10. Ng1 Bc5 11. a3 Rb8 12. b4 Bxf2+ 13. Kxf2 Qd4+ 14. Ke1 Qxa1 15. Nc3 Nb7 16. d3 Qxc3+ 17. Bd2 Qd4 18. dxe4 Nxe4 19. Be3 Qxe3 20. Qd3 Qf2+ 21. Kd1 Qxg2 22. Qf3 Qxh1 23. Qe3 O-O 24. Bd3 Bg4+ 25. Kc1 Nc3 26. b5 Be2 27. Bf5 Bxb5 28. a4 Qxg1+ 29. Qxg1 Ne2+ 30. Kb1 Nxg1 31. axb5 Nd6 32. Bd3 Rxb5+ 33. Ka2 Rfb8 34. c3 Ra5# 0-1

[Event "DVM U10 2024"]
[Site "Duesseldorf"]
[Date "2024.12.27"]
[Round "2"]
[White "Michelson, Nathan"]
[Black "Klaus, Simon"]
[Result "0-1"]
[ECO "B01"]
[WhiteElo "1198"]
[BlackElo "1197"]
[Annotator "NA RC"]
[PlyCount "86"]
[EventDate "2024.12.23"]
[EventType "team-tourn"]
[EventRounds "7"]
[EventCountry "GER"]
[SourceTitle "playchess.com"]
[Source "ChessBase"]
[SourceQuality "1"]
[TimeControl "3300+5"]

1. e4 d5 2. exd5 Qxd5 3. Nc3 Qa5 4. d4 Nf6 5. Bd2 c6 6. Bc4 Bf5 7. Nf3 Nbd7 8. h3 e6 9. O-O Bd6 10. Nb5 Bb4 11. Bxb4 Qxb4 12. Nc7+ Kd8 13. Nxa8 Qxc4 14. Ne5 Nxe5 15. dxe5+ Nd5 16. b3 Qxc2 17. Qxc2 Bxc2 18. Rac1 Bg6 19. a3 Ke7 20. f4 h5 21. g4 hxg4 22. hxg4 Rxa8 23. b4 Rh8 24. b5 cxb5 25. Rfd1 Rh4 26. f5 Rxg4+ 27. Kf2 Bxf5 28. Kf3 Rg5 29. Rd2 Rh5 30. Rc5 Rh3+ 31. Kg2 a6 32. Rd4 Rxa3 33. Kf2 b4 34. Rdxd5 exd5 35. Rc7+ Ke6 36. Rxb7 b3 37. Ke1 Ra1+ 38. Ke2 Ra2+ 39. Kd1 b2 40. Rb6+ Kxe5 41. Rxb2 Rxb2 42. Kc1 Rh2 43. Kd1 a5 0-1

[Event "DVM U10 2024"]
[Site "Duesseldorf"]
[Date "2024.12.27"]
[Round "2"]
[White "Shandi, Hasan"]
[Black "Mettenbrink, Tammo"]
[Result "0-1"]
[ECO "C45"]
[WhiteElo "1153"]
[BlackElo "1029"]
[Annotator "NA RC"]
[PlyCount "74"]
[EventDate "2024.12.23"]
[EventType "team-tourn"]
[EventRounds "7"]
[EventCountry "GER"]
[SourceTitle "playchess.com"]
[Source "ChessBase"]
[SourceQuality "1"]
[TimeControl "3300+5"]

1. e4 e5 2. Nf3 Nc6 3. d4 exd4 4. Nxd4 Nxd4 5. Qxd4 Nf6 6. Nc3 Be7 7. Bg5 O-O 8. O-O-O d6 9. f4 Bd7 10. Bc4 c5 11. Qd3 Ne8 12. Bxe7 Qxe7 13. Qxd6 Nxd6 14. Rhe1 Nxc4 15. Nd5 Qh4 16. Nc7 Qxf4+ 17. Kb1 Qxc7 18. Rd5 Qb6 19. b3 Na3+ 20. Kb2 Nc4+ 21. Kb1 Ba4 22. Kc1 Qh6+ 23. Kb1 Nd2+ 24. Kb2 Bc6 25. Rxc5 Bxe4 26. Re2 Rac8 27. Rxc8 Rxc8 28. c3 Rd8 29. h3 Qd6 30. a3 Qb6 31. b4 Nc4+ 32. Kb3 Qc6 33. g4 Rd2 34. Rxd2 Nxd2+ 35. Kb2 Qa4 36. c4 Qb3+ 37. Kc1 Qc2# 0-1